[Event "Saturday 13 January Rapid Engine Tour 12+1 Rounds 9 Starts 1600 ST"]
[Site "Infinity Chess"]
[Date "2018.1.13"]
[Round "3"]
[White "Vimtiroba"]
[Black "THE_MACHINE"]
[Result "1/2-1/2"]
[ECO "D31"]
[WhiteElo "2462"]
[BlackElo "2478"]
[WhiteEngine "SF@130118_CTG"]
[BlackEngine "Houdini 6"]
[EventType "Swiss"]
[WhiteTeam ""]
[BlackTeam ""]
[PlyCount "130"]
[TimeControl "720+1"]

1. d4 d5 2. c4 e6 3. Nc3 c6 4. e4 dxe4 5. Nxe4 Bb4+ 6. Bd2 Qxd4 7. Bxb4 Qxe4+ 
8. Be2 Na6 9. Ba5 b6 10. Qd6 Bd7 11. Bc3 f6 12. Nf3 Nh6 13. Rd1 Rd8 14. Qa3 Bc8 
15. Nd2 Qf4 16. Bh5+ Nf7 17. O-O c5 18. Qa4+ Ke7 19. Rfe1 Ng5 20. Re3 Rd6 
21. Rde1 Rhd8 22. Nf3 Kf8 23. a3 Nf7 24. Re4 Qh6 25. Rh4 g6 26. Bg4 Qg7 
27. Bh3 Nc7 28. Qxa7 Ne8 29. Rhe4 e5 30. Bxc8 Rxc8 31. R4e2 Nh6 32. Qxg7+ Nxg7 
33. Nd2 Rdc6 34. b4 Ra8 35. f4 Rxa3 36. Ne4 exf4 37. bxc5 bxc5 38. Bxf6 Ng4 
39. Bc3 Ne6 40. Rb2 Nd4 41. Rf1 Kg7 42. Rxf4 Ra1+ 43. Rf1 Rxf1+ 44. Kxf1 Ne3+ 
45. Kg1 Nxc4 46. Ra2 Kh6 47. Nxc5 Nf3+ 48. gxf3 Rxc5 49. Ra7 Ne5 50. Bxe5 Rxe5 
51. Kf2 g5 52. Kf1 Kg6 53. Kf2 Re6 54. Ra4 Kf6 55. h3 Kg6 56. Ra3 Rd6 57. Ke3 h5 
58. Ra4 Re6+ 59. Kf2 Kf6 60. Kg1 Re7 61. f4 g4 62. hxg4 hxg4 63. Ra6+ Re6 
64. Rxe6+ Kxe6 65. Kf2 g3+ 1/2-1/2

[Event "Saturday 13 January Rapid Engine Tour 12+1 Rounds 9 Starts 1600 ST"]
[Site "Infinity Chess"]
[Date "2018.1.13"]
[Round "3"]
[White "Marsell"]
[Black "Susanne"]
[Result "1/2-1/2"]
[ECO "B32"]
[WhiteElo "2480"]
[BlackElo "2480"]
[WhiteEngine "asmFishW_2018-01-11_popcnt"]
[BlackEngine "asmFishW_10_bmi2_CTG"]
[EventType "Swiss"]
[WhiteTeam ""]
[BlackTeam ""]
[PlyCount "102"]
[TimeControl "720+1"]

1. e4 c5 2. Nf3 Nc6 3. d4 cxd4 4. Nxd4 e5 5. Nb5 d6 6. N1c3 a6 7. Na3 b5 
8. Nd5 Nf6 9. c3 Be7 10. Nxf6+ Bxf6 11. Nc2 O-O 12. Bd3 Be6 13. O-O Qd7 
14. a4 Rab8 15. Ne3 Bd8 16. Bc2 b4 17. Qd3 a5 18. Rd1 Bc7 19. Qe2 Rfd8 
20. Bd3 bxc3 21. bxc3 Bb6 22. Bb5 Qc7 23. Bc4 Ne7 24. Bxe6 fxe6 25. Qa2 Kf7 
26. Qe2 Bc5 27. Nc4 Kg8 28. Bg5 Rd7 29. Bxe7 Rxe7 30. Kh1 Rd7 31. Rab1 Rc8 
32. Qa2 d5 33. Nd2 Rcd8 34. Nf3 Be7 35. exd5 e4 36. d6 Rxd6 37. Rxd6 Qxd6 
38. Nd4 Bf6 39. h3 Bxd4 40. cxd4 Qc6 41. Qb3 h6 42. Qb5 Qc2 43. Qb6 Re8 
44. Re1 Qxf2 45. Rxe4 Qc2 46. Rxe6 Qc1+ 47. Kh2 Qf4+ 48. Kh1 Qf1+ 49. Kh2 Qf4+ 
50. Kh1 Qf1+ 51. Kh2 Qf4+ 1/2-1/2

[Event "Saturday 13 January Rapid Engine Tour 12+1 Rounds 9 Starts 1600 ST"]
[Site "Infinity Chess"]
[Date "2018.1.13"]
[Round "3"]
[White "Murx"]
[Black "fati64"]
[Result "1/2-1/2"]
[ECO "D31"]
[WhiteElo "2484"]
[BlackElo "2492"]
[WhiteEngine "BrainFish_171226_x64_modern"]
[BlackEngine "BrainFish_180106_x64"]
[EventType "Swiss"]
[WhiteTeam ""]
[BlackTeam ""]
[PlyCount "100"]
[TimeControl "720+1"]

1. d4 d5 2. c4 e6 3. Nc3 c6 4. e4 dxe4 5. Nxe4 Bb4+ 6. Bd2 Qxd4 7. Bxb4 Qxe4+ 
8. Be2 Na6 9. Ba5 b6 10. Qd6 Bd7 11. Bc3 f6 12. Nf3 Nh6 13. Rd1 Rd8 14. Qa3 Bc8 
15. Nd2 Qf4 16. Bh5+ Nf7 17. O-O c5 18. Qa4+ Ke7 19. Rfe1 Ng5 20. Re3 Rd6 
21. Rde1 Rhd8 22. Nf3 Kf8 23. a3 Nf7 24. h3 Rd3 25. Rxd3 Rxd3 26. Be5 fxe5 
27. Bxf7 Nc7 28. Bg6 Rxf3 29. Qxa7 Qd2 30. Rf1 Rb3 31. Qxc7 Qd7 32. Qxd7 Bxd7 
33. Bxh7 Rxb2 34. Rb1 Ra2 35. Rb3 Ra1+ 36. Kh2 Rc1 37. Rxb6 Rxc4 38. Rb7 Rd4 
39. Be4 c4 40. f3 Ke8 41. h4 Kd8 42. Kg3 Kc8 43. Kf2 Ba4 44. Rb6 Kc7 
45. Rb7+ Kd6 46. Ke3 c3 47. Rb6+ Kc7 48. Rb7+ Kd6 49. Rb6+ Kc7 50. Rb7+ Kd6 
1/2-1/2

[Event "Saturday 13 January Rapid Engine Tour 12+1 Rounds 9 Starts 1600 ST"]
[Site "Infinity Chess"]
[Date "2018.1.13"]
[Round "3"]
[White "Gilgamesch"]
[Black "Deep_Impact"]
[Result "1/2-1/2"]
[ECO "C11"]
[WhiteElo "2496"]
[BlackElo "2499"]
[WhiteEngine "BrainFish_171005_x64_bmi2"]
[BlackEngine "BrainFish_171226_x64_modern"]
[EventType "Swiss"]
[WhiteTeam ""]
[BlackTeam ""]
[PlyCount "124"]
[TimeControl "720+1"]

1. e4 e6 2. d4 d5 3. Nc3 Nf6 4. e5 Nfd7 5. f4 c5 6. Nf3 Nc6 7. Be3 Qb6 
8. Na4 Qa5+ 9. c3 c4 10. b4 Qc7 11. Be2 b5 12. Nc5 Nxc5 13. bxc5 a5 14. a3 Rb8 
15. Bd2 b4 16. axb4 axb4 17. cxb4 Nxb4 18. Bc3 Nc6 19. h4 h5 20. Ng5 Rb3 
21. Qd2 Be7 22. g3 Na7 23. Bd1 Rb7 24. Kf2 Bd7 25. f5 exf5 26. Nh3 O-O 
27. Nf4 Be6 28. Kg2 Nb5 29. Bb2 Rfb8 30. Bxh5 Qc8 31. Rhc1 Nc7 32. Bc3 Bd7 
33. Ra2 Ra8 34. Rxa8 Qxa8 35. Ra1 Ra7 36. Rxa7 Qxa7 37. Qb2 Qa8 38. Bf3 Bc6 
39. Qb1 Nb5 40. Qb2 Nxc3 41. Qxc3 Qa2+ 42. Ne2 Bxc5 43. dxc5 d4 44. Qe1 Bxf3+ 
45. Kxf3 Qa3+ 46. Kf2 d3 47. Nc3 Qxc5+ 48. Qe3 Qa3 49. Qd4 Qc1 50. e6 fxe6 
51. Qxc4 Qc2+ 52. Ke3 d2 53. Qxe6+ Kh7 54. Qe5 Qxc3+ 55. Qxc3 d1=Q 56. Kf2 Qb1 
57. Kg2 Qe4+ 58. Kf1 f4 59. gxf4 Qxf4+ 60. Ke2 Qxh4 61. Qc2+ Kh6 62. Qc6+ Kg5 
1/2-1/2

[Event "Saturday 13 January Rapid Engine Tour 12+1 Rounds 9 Starts 1600 ST"]
[Site "Infinity Chess"]
[Date "2018.1.13"]
[Round "3"]
[White "xeonrocks"]
[Black "OlivierEvan"]
[Result "1-0"]
[ECO "B53"]
[WhiteElo "2523"]
[BlackElo "2410"]
[WhiteEngine "asmFishW_bmi2.exe_CTG"]
[BlackEngine "Houdini 6"]
[EventType "Swiss"]
[WhiteTeam ""]
[BlackTeam ""]
[PlyCount "159"]
[TimeControl "720+1"]

1. e4 c5 2. Nf3 d6 3. d4 Nf6 4. Nc3 cxd4 5. Nxd4 a6 6. Be3 e6 7. f3 Nc6 
8. Qd2 Be7 9. O-O-O O-O 10. g4 Nxd4 11. Bxd4 b5 12. h4 Nd7 13. g5 b4 14. Ne2 a5 
15. Kb1 Bb7 16. Ng3 Qc7 17. f4 e5 18. Be3 exf4 19. Bxf4 Ne5 20. h5 Rac8 
21. Bb5 Bc6 22. Bxc6 Qxc6 23. Nf5 Rc7 24. Qg2 Nc4 25. Rd5 Rd8 26. e5 Nb6 
27. g6 Bf8 28. gxf7+ Kxf7 29. e6+ Kg8 30. Rd2 Qxg2 31. Rxg2 Nd5 32. Bh6 Re8 
33. Rhg1 Rxe6 34. Bxg7 Ne3 35. Nxe3 Rxg7 36. Rxg7+ Bxg7 37. Nf5 Rf6 38. Nxg7 Kf7 
39. b3 d5 40. Kb2 h6 41. Rg2 Rf1 42. a4 bxa3+ 43. Kxa3 Rf4 44. Rg6 Rh4 
45. c3 Rh2 46. Ka4 Rh3 47. Kxa5 Rxc3 48. Nf5 Rh3 49. Rxh6 Rxb3 50. Rd6 Rh3 
51. h6 Rh5 52. Rxd5 Kg6 53. Rd6+ Kf7 54. Rd5 Kg6 55. Kb5 Rh2 56. Kc6 Re2 
57. Kd7 Re1 58. Rd2 Rf1 59. Ne3 Rf4 60. Rh2 Rf7+ 61. Ke6 Rf6+ 62. Ke5 Rf8 
63. Ng4 Ra8 64. h7 Kg7 65. Kf5 Rf8+ 66. Kg5 Ra8 67. Rh6 Ra5+ 68. Kf4 Ra4+ 
69. Kf5 Kh8 70. Ne5 Ra5 71. Rh2 Rb5 72. Ke6 Rb6+ 73. Kd5 Rb5+ 74. Kd6 Rb6+ 
75. Kc7 Rf6 76. Kd7 Rf5 77. Ng6+ Kg7 78. h8=Q+ Kf7 79. Rh7+ Kxg6 80. Qg7# 1-0

[Event "Saturday 13 January Rapid Engine Tour 12+1 Rounds 9 Starts 1600 ST"]
[Site "Infinity Chess"]
[Date "2018.1.13"]
[Round "3"]
[White "MarioDeMonti"]
[Black "neófito"]
[Result "1/2-1/2"]
[ECO "C11"]
[WhiteElo "2438"]
[BlackElo "2455"]
[WhiteEngine "stockfish_x64_bmi2_2018_01_01_CTG"]
[BlackEngine "BrainFish_180106_x64_bmi2_CTG"]
[EventType "Swiss"]
[WhiteTeam ""]
[BlackTeam ""]
[PlyCount "169"]
[TimeControl "720+1"]

1. e4 e6 2. d4 d5 3. Nc3 Nf6 4. e5 Nfd7 5. f4 c5 6. Nf3 Nc6 7. Be3 Qb6 
8. Na4 Qa5+ 9. c3 c4 10. b4 Qc7 11. Be2 b5 12. Nc5 Nxc5 13. bxc5 b4 
14. cxb4 Nxb4 15. h4 Be7 16. Rb1 Nc6 17. Qc2 h5 18. Kf2 Bd7 19. Bd2 Bd8 
20. g3 Ne7 21. Ne1 g6 22. Ng2 Nf5 23. Qc3 Rb8 24. Ne3 Ne7 25. Bf3 Bc6 
26. Rb2 Rxb2 27. Qxb2 Kf8 28. Rb1 Kg7 29. Qa3 Qd7 30. Bc3 Rf8 31. Qa6 Bc7 
32. Rh1 Rh8 33. Qa3 Bd8 34. Rb1 Ba4 35. Ke2 Rf8 36. Kf2 Rh8 37. Kg1 Rg8 
38. Kh2 Rh8 39. Kg2 Rf8 40. Rb2 Bc7 41. Rb4 Bc6 42. Rb1 Rh8 43. Rh1 Bd8 
44. Rb1 Bc7 45. Bd1 Rf8 46. Kf2 Ra8 47. Bf3 Rh8 48. Kg1 Ra8 49. Kf2 Rh8 
50. Qa6 Rf8 51. Nc2 Ba4 52. Ne1 Ra8 53. Rb2 Bc6 54. Nc2 Bd8 55. Rb1 Bc7 
56. Qa3 Rc8 57. Qa6 Rf8 58. Rb2 Ra8 59. Ne3 Rc8 60. Qa3 Ra8 61. Qa6 Rc8 
62. Kg1 Rf8 63. Kg2 Qe8 64. Rb1 Qa8 65. Qa3 Rb8 66. Rxb8 Qxb8 67. Qc1 Qb5 
68. Qa3 Qb8 69. Qc1 Bd8 70. Kf2 Bc7 71. Be2 Bd8 72. Kg1 Qb5 73. Qe1 Qa6 
74. Qd2 Qb7 75. Kf2 Qb8 76. Qc2 Bc7 77. Bf3 Qh8 78. Qd2 Qd8 79. Qe1 Qb8 
80. a3 Qb3 81. Qc1 Qa2+ 82. Kg1 Qb3 83. Kf2 Qa2+ 84. Kg1 Qb3 85. Kf2 1/2-1/2

[Event "Saturday 13 January Rapid Engine Tour 12+1 Rounds 9 Starts 1600 ST"]
[Site "Infinity Chess"]
[Date "2018.1.13"]
[Round "2"]
[White "ocirema"]
[Black "miguello"]
[Result "1/2-1/2"]
[ECO "B06"]
[WhiteElo "2398"]
[BlackElo "2419"]
[WhiteEngine "stockfish_18010422_x64_modern_CTG"]
[BlackEngine "asmFishW_2017-11-19_popcnt_CTG"]
[EventType "Swiss"]
[WhiteTeam ""]
[BlackTeam ""]
[PlyCount "155"]
[TimeControl "720+1"]

1. e4 g6 2. d4 Bg7 3. Nc3 d6 4. Be3 Nf6 5. Qd2 O-O 6. O-O-O c6 7. Bh6 b5 
8. f3 b4 9. Nce2 Qa5 10. Kb1 c5 11. h4 Nc6 12. Bxg7 Kxg7 13. h5 cxd4 
14. hxg6 fxg6 15. Nxd4 Nxd4 16. Qh6+ Kg8 17. Rxd4 Be6 18. b3 Qc5 19. Bc4 Bf7 
20. Ne2 Rac8 21. Bxf7+ Kxf7 22. Rd2 g5 23. Nc1 Rg8 24. Nd3 Qe3 25. Rf2 Rxc2 
26. Ne5+ dxe5 27. Rxc2 Qd3 28. Rhc1 g4 29. Qh2 gxf3 30. gxf3 Qxf3 31. Qxe5 h5 
32. Ka1 Rg4 33. Qc5 Qxe4 34. Rc4 Qb7 35. Re1 Rxc4 36. Qxc4+ Kg6 37. Qc2+ Kg7 
38. Kb1 Kf7 39. Qc4+ Ke8 40. Qc5 Kf8 41. Kb2 Qg2+ 42. Kc1 Qb7 43. Re2 Ne4 
44. Qe5 Nf6 45. Kb2 Kf7 46. Qc5 a6 47. a4 bxa3+ 48. Ka2 Qd7 49. Qc4+ Qd5 
50. Qxa6 e5 51. Rf2 Qe6 52. Qb7+ Kg6 53. Rg2+ Ng4 54. Rc2 Kg5 55. Rc6 Qe8 
56. Rc8 Qe6 57. Rc6 Qe8 58. Rc4 Qd8 59. Qg2 Qd3 60. Kxa3 Qd1 61. Qe4 h4 
62. Qg2 Qa1+ 63. Kb4 Qd1 64. Kc3 Qa1+ 65. Kb4 Qd1 66. Kc5 Kh5 67. Re4 Qd7 
68. b4 Qc7+ 69. Kb5 Qb7+ 70. Ka4 Qa6+ 71. Kb3 Qd3+ 72. Ka2 Qg3 73. Qxg3 hxg3 
74. Re2 Nf6 75. b5 Nd7 76. b6 g2 77. Rxg2 Nxb6 78. Kb2 1/2-1/2

[Event "Saturday 13 January Rapid Engine Tour 12+1 Rounds 9 Starts 1600 ST"]
[Site "Infinity Chess"]
[Date "2018.1.13"]
[Round "2"]
[White "aleks"]
[Black "hafaba"]
[Result "1/2-1/2"]
[ECO "B00"]
[WhiteElo "2384"]
[BlackElo "2387"]
[WhiteEngine "komodo-11.2.2-64bit_CTG"]
[BlackEngine "Stockfish SL 07012018 POPCNT_CTG"]
[EventType "Swiss"]
[WhiteTeam ""]
[BlackTeam ""]
[PlyCount "274"]
[TimeControl "720+1"]

1. e4 Nc6 2. Nf3 e5 3. Bc4 Nf6 4. d3 Bc5 5. c3 d6 6. O-O a5 7. Bg5 h6 8. Bh4 g5 
9. Bg3 O-O 10. a4 Kg7 11. Na3 Be6 12. Bxe6 fxe6 13. Re1 Nh5 14. d4 Bxa3 
15. Rxa3 Nf4 16. Qb3 Qd7 17. Raa1 exd4 18. Nxd4 Rfe8 19. Nxc6 bxc6 20. Bxf4 gxf4 
21. Qc4 e5 22. b4 h5 23. Qe2 h4 24. Kh1 Rg8 25. Reb1 Kf6 26. h3 Rg5 27. Kh2 Qc8 
28. f3 Qb7 29. Qe1 Rg3 30. c4 axb4 31. Rxb4 Qa7 32. a5 c5 33. Rb5 Qa6 
34. Rab1 Ke7 35. Qd1 Rgg8 36. Qd5 Rgd8 37. Kh1 Kf6 38. Qd2 Rg8 39. Kh2 Ke7 
40. Qe1 Rh8 41. Ra1 Kd7 42. Qc3 Rhb8 43. Qb2 Rg8 44. Rd1 Ke6 45. Qd2 Kf6 
46. Ra1 Ke7 47. Qb2 Rac8 48. Rb7 Kd7 49. Qb3 Rgd8 50. Qa4+ Qc6 51. Rb5 Ra8 
52. Qd1 Ke7 53. Rab1 Rh8 54. R1b2 Qa6 55. Qa4 Rhc8 56. Qa1 Kd7 57. Qe1 Rh8 
58. Qd2 Ke7 59. Kh1 Rhg8 60. Qd5 Rgd8 61. Kh2 Rdc8 62. Rb1 Rd8 63. Rb7 Ra7 
64. Rb8 Ra8 65. R8b5 Rd7 66. Qd2 Rdd8 67. Qe1 Rh8 68. Rb7 Ra7 69. Rxa7 Qxa7 
70. Rb5 Kd7 71. Qd2 Ra8 72. Qf2 Rh8 73. Qe1 Ke6 74. Qa1 Qa6 75. Qe1 Qc8 
76. Qd2 Kf6 77. Kg1 Qa8 78. Qc3 Qa7 79. Qa1 Ra8 80. Qd1 Rg8 81. Kh2 Ra8 
82. Kh1 Rg8 83. Qe1 Rh8 84. Qc3 Qa6 85. Kh2 Qc8 86. Qa1 Qa6 87. Qa2 Rd8 
88. Qd2 Ra8 89. Kh1 Ke7 90. Qe1 Rh8 91. Kh2 Kf6 92. Qd1 Rg8 93. Qd5 Qa8 
94. Qd2 Qa7 95. Kg1 Qa6 96. Qa2 Kf7 97. Qf2 Rg3 98. Qd2 Ke7 99. Qd3 Rg7 
100. Qc3 Qc8 101. Kh2 Rg8 102. Qb2 Qa8 103. Qa2 Qa6 104. Kh1 Kf6 105. Qa4 Rd8 
106. Kh2 Ke7 107. Rb1 Rc8 108. Ra1 Rb8 109. Qc2 Ke6 110. Ra2 Kd7 111. Qd3 Kc8 
112. Qd5 Rb1 113. Qe6+ Kb7 114. Ra3 Ka7 115. Qe7 Qc6 116. Qxh4 Qd7 117. Qg4 Qh7 
118. Ra4 Qf7 119. a6 Rb8 120. Ra1 Rb2 121. Qg5 Rb4 122. Qf5 Qe7 123. Rc1 Qg7 
124. Qg4 Qh7 125. Qc8 Rb8 126. Qf5 Qe7 127. Qg6 Rb2 128. Qg4 Rb4 129. Kg1 Rb8 
130. Ra1 Rb6 131. Qc8 Qf7 132. Rc1 Rb8 133. Qf5 Qg7 134. Qg4 Qe7 135. Qg6 Rb6 
136. Qf5 Rb2 137. Qg4 Rb8 1/2-1/2

[Event "Saturday 13 January Rapid Engine Tour 12+1 Rounds 9 Starts 1600 ST"]
[Site "Infinity Chess"]
[Date "2018.1.13"]
[Round "2"]
[White "OlivierEvan"]
[Black "KillBill2017"]
[Result "1-0"]
[ECO "C77"]
[WhiteElo "2394"]
[BlackElo "2401"]
[WhiteEngine "Houdini 6"]
[BlackEngine "asmFishW_2018-01-12_popcnt_CTG"]
[EventType "Swiss"]
[WhiteTeam ""]
[BlackTeam ""]
[PlyCount "181"]
[TimeControl "720+1"]

1. e4 e5 2. Nf3 Nc6 3. Bb5 a6 4. Ba4 Nf6 5. O-O Be7 6. Re1 d6 7. c3 b5 
8. Bb3 O-O 9. h3 Re8 10. d4 Bb7 11. Nbd2 Bf8 12. a4 exd4 13. cxd4 Qd7 
14. Bc2 Nb4 15. Bb1 g6 16. axb5 Qxb5 17. d5 a5 18. Nb3 c5 19. Nbd2 a4 
20. Ra3 Nd7 21. Nf1 c4 22. Ng3 Ne5 23. Nxe5 dxe5 24. Rc3 Ba6 25. Nh5 Qb6 
26. Be3 Qd6 27. Qg4 Bb5 28. Rec1 Reb8 29. Qg3 f6 30. f4 Kh8 31. Nxf6 Qxf6 
32. fxe5 Qe7 33. e6 Bg7 34. Bf4 Rd8 35. Kh1 Qf6 36. e5 Qf8 37. d6 Nd5 
38. Rf3 Qe8 39. e7 Nxe7 40. e6 Bc6 41. Rf2 Nd5 42. e7 Nxf4 43. exd8=Q Rxd8 
44. Rxf4 c3 45. Re1 Qd7 46. Bxg6 Qxd6 47. Qh4 h6 48. Re6 Qxe6 49. Qxd8+ Qg8 
50. Qxg8+ Kxg8 51. bxc3 Bb5 52. Bf7+ Kh7 53. c4 Bc6 54. c5 Be5 55. Rg4 Bd7 
56. Rg6 Bc8 57. Rg8 Bb7 58. Rg4 a3 59. Bg8+ Kh8 60. Ba2 Kh7 61. Rb4 Bc6 
62. Rb6 Ba4 63. Ra6 Bd4 64. Rxa4 Bxc5 65. g4 Kg7 66. h4 Bf2 67. g5 Bc5 
68. gxh6+ Kxh6 69. Ra6+ Kg7 70. h5 Bf8 71. h6+ Kh7 72. Bb1+ Kg8 73. Ra8 Kf7 
74. Ba2+ Ke7 75. Rxf8 Kxf8 76. Bb3 Ke7 77. h7 Kd8 78. h8=Q+ Kc7 79. Qa1 Kb7 
80. Qxa3 Kc6 81. Bc4 Kc7 82. Qc5+ Kd7 83. Bf7 Kd8 84. Be8 Kxe8 85. Qa7 Kd8 
86. Kg2 Ke8 87. Kf3 Kf8 88. Ke4 Kg8 89. Ke5 Kh8 90. Kf6 Kg8 91. Qg7# 1-0

[Event "Saturday 13 January Rapid Engine Tour 12+1 Rounds 9 Starts 1600 ST"]
[Site "Infinity Chess"]
[Date "2018.1.13"]
[Round "2"]
[White "Satria_Ungu"]
[Black "CrossingJordan"]
[Result "1/2-1/2"]
[ECO "D02"]
[WhiteElo "2409"]
[BlackElo "2413"]
[WhiteEngine "Houdini 6_CTG"]
[BlackEngine "asmFishW_2017-12-20_bmi2_CTG"]
[EventType "Swiss"]
[WhiteTeam ""]
[BlackTeam ""]
[PlyCount "126"]
[TimeControl "720+1"]

1. d4 d5 2. Nf3 Nf6 3. c4 e6 4. Nc3 c6 5. e3 Nbd7 6. Qc2 Bd6 7. Bd3 dxc4 
8. Bxc4 O-O 9. O-O a6 10. e4 e5 11. h3 exd4 12. Nxd4 Ne5 13. Be2 c5 
14. Nf3 Nxf3+ 15. Bxf3 Be5 16. Bg5 Be6 17. Rad1 Qc7 18. Nd5 Bxd5 19. exd5 Qd6 
20. g3 Rfe8 21. Rfe1 b5 22. Kg2 h6 23. Be3 Rac8 24. Re2 c4 25. a3 Qd7 
26. Bb6 Rb8 27. Ba5 Bd6 28. Red2 Qa7 29. Bb4 Qb6 30. Bc3 Nd7 31. Qf5 Qd8 
32. Be4 g6 33. Qf3 Be5 34. d6 Bxc3 35. bxc3 Kg7 36. a4 Re6 37. axb5 axb5 
38. Bd5 Rf6 39. Qe3 Qb6 40. Rd4 Rf8 41. h4 h5 42. g4 hxg4 43. h5 Rh8 44. Rh1 Rf5 
45. Qe7 Ne5 46. hxg6 Nxg6 47. Rxh8 Nxe7 48. dxe7 Rxf2+ 49. Kg1 Rf1+ 50. Kg2 Rf2+ 
51. Kxf2 Qf6+ 52. Kg3 Qe5+ 53. Kg2 Qxe7 54. Rh5 Qe2+ 55. Kg3 Kg6 56. Bxf7+ Kxf7 
57. Rf4+ Ke6 58. Rxb5 Kd6 59. Rbf5 Qe1+ 60. Kxg4 Qxc3 61. Rf6+ Kc5 62. R4f5+ Kb4 
63. Rb6+ Ka4 1/2-1/2

[Event "Saturday 13 January Rapid Engine Tour 12+1 Rounds 9 Starts 1600 ST"]
[Site "Infinity Chess"]
[Date "2018.1.13"]
[Round "2"]
[White "MarioDeMonti"]
[Black "IronMan"]
[Result "1-0"]
[ECO "C55"]
[WhiteElo "2422"]
[BlackElo "2423"]
[WhiteEngine "stockfish_x64_bmi2_2018_01_01_CTG"]
[BlackEngine "Stockfish SL FA PB BMI2"]
[EventType "Swiss"]
[WhiteTeam ""]
[BlackTeam ""]
[PlyCount "167"]
[TimeControl "720+1"]

1. e4 e5 2. Nf3 Nc6 3. Bc4 Nf6 4. d3 Bc5 5. c3 a5 6. O-O d6 7. Re1 O-O 
8. Nbd2 Ng4 9. Re2 Nf6 10. Nf1 a4 11. Ng3 Bb6 12. Bb5 a3 13. bxa3 Ne7 14. h3 c6 
15. Ba4 Ng6 16. Bb3 d5 17. Rb1 h6 18. a4 Re8 19. Reb2 Bc7 20. Bd2 Nf4 
21. Bc2 dxe4 22. dxe4 b6 23. c4 Qe7 24. a5 bxa5 25. Ba4 Qe6 26. Be3 Ba6 
27. Bxf4 exf4 28. Nd4 Qe5 29. Ngf5 c5 30. Bxe8 Rxe8 31. Nf3 Qe6 32. e5 Qxf5 
33. exf6 gxf6 34. Nh4 Qe6 35. Qh5 f3 36. Nxf3 f5 37. g3 Bxc4 38. Re1 Qxe1+ 
39. Nxe1 Rxe1+ 40. Kg2 Bf1+ 41. Kh2 Bd3 42. Rd2 c4 43. Qxh6 Be4 44. Qg5+ Kf8 
45. Rd8+ Bxd8 46. Qxd8+ Kg7 47. g4 fxg4 48. hxg4 Re2 49. Qd4+ Kg8 50. Qxc4 Rxf2+ 
51. Kg3 Rf3+ 52. Kh4 Bb1 53. a4 Rf6 54. Qc3 Rh6+ 55. Kg3 Be4 56. Qxa5 Re6 
57. Qc7 Rg6 58. Qd8+ Kh7 59. a5 Re6 60. Qf8 Bg6 61. Qc8 Bd3 62. Qd7 Bg6 
63. Qb5 Re3+ 64. Kh4 Re6 65. a6 Be4 66. a7 Bc6 67. Qg5 Rg6 68. Qc1 Re6 
69. Kg3 Be4 70. Qc4 Ba8 71. Qc8 Bd5 72. Qd7 Re3+ 73. Kh4 Be6 74. Qd8 Re2 
75. Qd3+ Kh6 76. Qxe2 Bd5 77. a8=Q Bxa8 78. Qa6+ Kh7 79. Kg5 Bc6 80. Qxc6 Kg7 
81. Qe8 f6+ 82. Kf5 Kh7 83. Kxf6 Kh6 84. Qh5# 1-0

[Event "Saturday 13 January Rapid Engine Tour 12+1 Rounds 9 Starts 1600 ST"]
[Site "Infinity Chess"]
[Date "2018.1.13"]
[Round "2"]
[White "SkyPilot"]
[Black "KULLANI"]
[Result "1/2-1/2"]
[ECO "C50"]
[WhiteElo "2433"]
[BlackElo "2435"]
[WhiteEngine "stockfish_x64_bmi2_2018_01_01_CTG"]
[BlackEngine "BrainFish_180106_x64_CTG"]
[EventType "Swiss"]
[WhiteTeam ""]
[BlackTeam ""]
[PlyCount "116"]
[TimeControl "720+1"]

1. e4 e5 2. Nf3 Nc6 3. Bc4 Bc5 4. O-O Nf6 5. d3 d6 6. c3 a5 7. Re1 Ba7 
8. Nbd2 O-O 9. h3 h6 10. Nf1 Be6 11. Bb5 Ne7 12. Ng3 c6 13. Ba4 b5 14. Bc2 a4 
15. d4 Ng6 16. b3 axb3 17. axb3 Bb6 18. Rxa8 Qxa8 19. Be3 Rd8 20. Qc1 Qb8 
21. Nf5 Rd7 22. Rd1 Bc7 23. Re1 Bb6 24. b4 Rb7 25. Qb1 Ra7 26. Nxd6 Qxd6 
27. dxe5 Nxe5 28. Bxb6 Nxf3+ 29. gxf3 Ra2 30. Be3 Qe5 31. Bb3 Bxb3 32. Qxb3 Ra8 
33. Qc2 Nh5 34. Qd3 Qf6 35. Qd7 Qxf3 36. Qg4 Qxg4+ 37. hxg4 Nf6 38. f3 Nd7 
39. Kg2 Ne5 40. Kg3 Nc4 41. f4 f6 42. Bc5 Ra3 43. e5 Rxc3+ 44. Kh2 Nd2 
45. Re2 Nf3+ 46. Kg2 Nh4+ 47. Kf2 Rf3+ 48. Kg1 fxe5 49. fxe5 Ra3 50. e6 Ra8 
51. e7 Re8 52. Kh2 Kf7 53. Rf2+ Ke6 54. Kg3 Ng6 55. Re2+ Kf7 56. Rf2+ Ke6 
57. Re2+ Kf7 58. Rf2+ Ke6 1/2-1/2

[Event "Saturday 13 January Rapid Engine Tour 12+1 Rounds 9 Starts 1600 ST"]
[Site "Infinity Chess"]
[Date "2018.1.13"]
[Round "2"]
[White "angriff"]
[Black "RonWeasley"]
[Result "1/2-1/2"]
[ECO "C11"]
[WhiteElo "2436"]
[BlackElo "2437"]
[WhiteEngine "SF_64BIT_POPCNT_CTG"]
[BlackEngine "BrainFish 060118_CTG"]
[EventType "Swiss"]
[WhiteTeam ""]
[BlackTeam ""]
[PlyCount "72"]
[TimeControl "720+1"]

1. e4 e6 2. d4 d5 3. Nc3 Nf6 4. e5 Nfd7 5. f4 c5 6. Nf3 Nc6 7. Be3 cxd4 
8. Nxd4 Qb6 9. a3 Bc5 10. Na4 Qa5+ 11. Nc3 Qb6 12. Na4 Qa5+ 13. c3 Bxd4 
14. Bxd4 Nxd4 15. Qxd4 b6 16. Qb4 Qxb4 17. axb4 Bb7 18. Bb5 Ke7 19. b3 f6 
20. Nb2 fxe5 21. Bxd7 Kxd7 22. fxe5 Rhf8 23. Rf1 Rxf1+ 24. Kxf1 a5 25. bxa5 Rxa5 
26. Rxa5 bxa5 27. Kf2 Ba6 28. Ke3 Kc6 29. Nd3 Bxd3 30. Kxd3 h5 31. h4 Kc5 
32. g3 Kb5 33. Kd4 Kc6 34. Kd3 Kb5 35. Kd4 Kc6 36. Kd3 Kb5 1/2-1/2

[Event "Saturday 13 January Rapid Engine Tour 12+1 Rounds 9 Starts 1600 ST"]
[Site "Infinity Chess"]
[Date "2018.1.13"]
[Round "2"]
[White "neófito"]
[Black "NINJA_JENGKA"]
[Result "1-0"]
[ECO "A40"]
[WhiteElo "2439"]
[BlackElo "2435"]
[WhiteEngine "BrainFish_180106_x64_bmi2_CTG"]
[BlackEngine "Houdini 6_CTG"]
[EventType "Swiss"]
[WhiteTeam ""]
[BlackTeam ""]
[PlyCount "189"]
[TimeControl "720+1"]

1. d4 c6 2. e4 d5 3. Nd2 dxe4 4. Nxe4 Bf5 5. Ng3 Bg6 6. Nf3 e6 7. Be2 Bd6 
8. O-O Nf6 9. Nh4 Qc7 10. c3 Nbd7 11. Re1 O-O 12. Nxg6 hxg6 13. Be3 Rae8 
14. Nf1 e5 15. Qc2 exd4 16. Bxd4 Be5 17. Be3 Bf4 18. Bd4 c5 19. Be3 g5 
20. Rad1 Re7 21. g3 Bxe3 22. Nxe3 Rfe8 23. Qd2 Qc6 24. Nf5 Re5 25. Bf1 g4 
26. Ne3 R5e7 27. Nf5 Rxe1 28. Rxe1 Ne5 29. Rxe5 Rxe5 30. Qg5 Kf8 31. Qxg7+ Ke8 
32. Ne3 a6 33. Bc4 Kd7 34. a4 Qd6 35. Qxf7+ Qe7 36. Qxe7+ Rxe7 37. a5 Kc7 
38. Kg2 Rd7 39. Be6 Rd2 40. Nc4 Re2 41. Bf5 Re1 42. Ne3 Kd8 43. Nxg4 Nxg4 
44. Bxg4 Rb1 45. h4 Rxb2 46. h5 Ke7 47. Bd1 c4 48. g4 Kf6 49. Kg3 Rb3 
50. Kf4 Kf7 51. g5 Rxc3 52. h6 Rh3 53. Kg4 Rh2 54. Kg3 Rh1 55. Bc2 Kf8 
56. f4 Rh5 57. Bd1 Rh1 58. Ba4 c3 59. f5 Rg1+ 60. Kf4 Rg2 61. f6 Kg8 
62. Bb3+ Kh7 63. f7 c2 64. f8=N+ Kh8 65. Bxc2 Rxc2 66. g6 Rf2+ 67. Kg5 Rg2+ 
68. Kf6 Rf2+ 69. Ke7 Rg2 70. g7+ Kg8 71. Nd7 Re2+ 72. Kd6 Rf2 73. Ke6 Re2+ 
74. Ne5 Re1 75. Kf6 Rc1 76. Ng6 Rc6+ 77. Kf5 Rc5+ 78. Ke4 Rc4+ 79. Ke5 Rc5+ 
80. Kd4 Rc7 81. Kd5 b6 82. axb6 Rb7 83. Kc6 Rf7 84. b7 Rf6+ 85. Kd7 Rb6 
86. Ne7+ Kh7 87. g8=Q+ Kxh6 88. Qg6+ Rxg6 89. b8=Q Rf6 90. Ng8+ Kh5 
91. Nxf6+ Kg5 92. Ke6 a5 93. Qg3+ Kh6 94. Kf7 a4 95. Qf4# 1-0

[Event "Saturday 13 January Rapid Engine Tour 12+1 Rounds 9 Starts 1600 ST"]
[Site "Infinity Chess"]
[Date "2018.1.13"]
[Round "2"]
[White "Dovahkiin"]
[Black "Neoxium"]
[Result "1/2-1/2"]
[ECO "A45"]
[WhiteElo "2443"]
[BlackElo "2446"]
[WhiteEngine "BrainFish_180106_x64_modern_CTG"]
[BlackEngine "SF SL FA-IDeA"]
[EventType "Swiss"]
[WhiteTeam ""]
[BlackTeam ""]
[PlyCount "70"]
[TimeControl "720+1"]

1. d4 Nf6 2. Bf4 c5 3. e3 d5 4. c3 e6 5. Nd2 Be7 6. Ngf3 h6 7. Bd3 Nh5 
8. dxc5 Bxc5 9. Ne5 Nxf4 10. exf4 Nc6 11. Ndf3 Bd7 12. O-O O-O 13. Nxd7 Qxd7 
14. Qc2 Be7 15. Rfe1 Qc7 16. g3 Bf6 17. h4 d4 18. cxd4 Qb6 19. Bh7+ Kh8 
20. Be4 Nxd4 21. Nxd4 Bxd4 22. Re2 Rac8 23. Qd3 h5 24. Qf3 g6 25. Bxb7 Rb8 
26. Be4 Bxb2 27. Rb1 Qd4 28. f5 exf5 29. Bxf5 gxf5 30. Qxh5+ Kg7 31. Qg5+ Kh8 
32. Qh6+ Kg8 33. Qg5+ Kh8 34. Qh6+ Kg8 35. Qg5+ Kh8 1/2-1/2